 Dungeon Crawl Stone Soup version 0.30-a0-782-ge64f9170bb (webtiles) character file.

Game seed: 562556924989879865

2828 senseless the Fighter (level 9, 0/98 HPs)
             Began as an Ogre Gladiator on Mar 7, 2023.
             Was a Plaything of Xom.
             Slain by a gnoll bouda
             ... wielding a +0 whip
              (5 damage)
             ... on level 7 of the Dungeon on Mar 8, 2023.
             The game lasted 00:25:54 (6729 turns).

senseless the Fighter (Ogre Gladiator)              Turns: 6729, Time: 00:25:54

Health: 0/98       AC:  5    Str: 22    XL:     9   Next: 73%
Magic:  9/9        EV: 13    Int:  9    God:    Xom [.*....]
Gold:   110        SH:  5    Dex: 19    Spells: 8/8 levels left

rFire   . . .      SeeInvis +    D - +7 hand axe "Inuagy Maoj" {elec, rElec Dex+7}
rCold   . . .      Faith    .    (no shield)
rNeg    . . .      Spirit   .    b - +0 robe
rPois   .          Reflect  +    c - +1 hat
rElec   +          Harm     .    r - +0 cloak
rCorr   .          Rampage  .    (gloves unavailable)
Will    .....                    (boots unavailable)
Stlth   +++                      f - amulet of reflection
HPRegen 0.36/turn                F - ring of see invisible
MPRegen 0.11/turn                (no ring)

@: about to teleport, weakened, unable to drink
A: large, unfitting armour, tough skin 1, fangs 1, camouflage 1, inability to
drink after injury 1, sturdy frame 1
a: Renounce Religion


You were on level 7 of the Dungeon.
You worshipped Xom.
You were a plaything of Xom.
You visited 1 branch of the dungeon, and saw 7 of its levels.
You also visited: Sewer.

You collected 426 gold pieces.
You spent 316 gold pieces at shops.

Inventory:

Hand Weapons
 a - a +0 war axe
 g - a +1 heavy broad axe
 t - a +0 long sword of flaming
 u - a +2 sling of flaming
 x - a +2 quarterstaff of chaos
 D - the +7 hand axe "Inuagy Maoj" (weapon) {elec, rElec Dex+7}
   (You bought it in a shop on level 3 of the Dungeon)

   Dex:       It affects your dexterity (+7).
   rElec:     It insulates you from electricity.
Missiles
 d - 3 throwing nets
 e - a large rock (quivered)
Armour
 b - a +0 robe (worn)
 c - a +1 hat (worn)
 r - a +0 cloak (worn)
Jewellery
 f - an amulet of reflection (around neck)
 m - an amulet of faith
 F - a ring of see invisible (left hand)
Wands
 l - a wand of roots (7)
 y - a wand of flame (37)
 z - a wand of digging (4)
 B - a wand of paralysis (1)
 E - a wand of polymorph (3)
Scrolls
 p - a scroll of teleportation
 s - 2 scrolls of vulnerability
 A - a scroll of fog
 C - 5 scrolls of identify
Potions
 h - 3 potions of resistance
 i - 2 potions of magic
 j - 14 potions of curing
 k - a potion of brilliance
 n - 3 potions of heal wounds
 o - 2 potions of cancellation
 q - 3 potions of flight
 v - 5 potions of haste
 w - 2 potions of invisibility


   Skills:
 + Level 9.0 Fighting
 + Level 7.2 Axes
 + Level 6.8 Throwing
 + Level 6.5 Dodging


You had 8 spell levels left.
You didn't know any spells.
Your spell library contained the following spells:

 Spells                   Type           Power      Damage    Failure   Level
 Hailstorm                Conj/Ice       0%         3d3       77%         3
 Portal Projectile        Hex/Tloc       0%         N/A       77%         3
 Tukima's Dance           Hex            0%         N/A       77%         3
 Vhi's Electric Charge    Tloc/Air       0%         N/A       77%         3
 Ice Form                 Ice/Tmut       0%         N/A       99%         4
 Arcjolt                  Conj/Air       0%         1d10      100%        5
 Blade Hands              Tmut           0%         N/A       100%        5
 Simulacrum               Ice/Necr       0%         N/A       100%        6
 Maxwell's Capacitive Co  Air            0%         ∞         100%        8


Dungeon Overview and Level Annotations

Branches:
Dungeon (7/15)             Temple (0/1) D:7           Sewer (visited)

Altars:
Elyvilon
Xom
Zin

Shops:
D:3 =:?*


Innate Abilities, Weirdness & Mutations

You are too large for most types of armour.
You have tough skin. (AC +1)
You have very sharp teeth.
Your skin changes colour to match your surroundings (Stealth+).
You occasionally lose the ability to drink potions when taking damage.
Your movements are slightly less encumbered by armour. (ER -2)


Message History

You slash the hound! You barely miss the troll. You hit the gnoll bouda.
You hit the orc priest.
Lightning courses through the orc priest!
You kill the orc priest!
The hound misses you. You block the troll's attack.
The troll barely misses you. The troll claws you. Maggie closely misses you.
The gnoll bouda gazes fiercely through you!
You feel your attacks grow feeble.
The gnoll bouda hits you with a +0 whip.
You slash Maggie! Your bite misses Maggie.
Maggie is almost dead.
You hit the troll. You hit the gnoll bouda. You hit the hound but do no damage.
The hound closely misses you. The troll bites you.
* * * LOW HITPOINT WARNING * * *
The troll claws you.
* * * LOW HITPOINT WARNING * * *
The troll claws you but does no damage.
Maggie mumbles some strange words.
Maggie attempts to bespell you!
You easily resist.
You block the hound's attack.
You hit Maggie but do no damage.
Maggie is almost dead.
You hit the hound.
You kill the hound!
You hit the troll but do no damage. Lightning courses through the troll!
You barely miss the gnoll bouda. You block the gnoll bouda's attack.
The troll bites you!
You feel threatened and lose the ability to drink potions!
* * * LOW HITPOINT WARNING * * *
The troll misses you. The troll closely misses you.
Maggie smiles, but it's obviously fake.
You block Maggie's attack.
As you read the scroll of teleportation, it crumbles to dust.
You feel strangely unstable.
Your manticore bites Maggie!
Maggie dies!
The gnoll bouda gazes fiercely through you!
You feel as though you will be weak longer.
The gnoll bouda hits you with a +0 whip.
You die... "This toy is broken."

# ....' # #....# #
#....# # #....# ..
#..o.# #'# #.o..# #+
..#############'O''#####
######.
..#............)Tg......
.....#o
###~~~~~~~~≈~~~H@).~~~~~
~~~≈~##
≈≈≈≈≈≈≈≈≈~≈≈≈≈~..).~≈~≈~
≈≈≈≈≈≈≈
≈~≈~~~~≈~~~~~~~....~~~≈~
≈~~~~
........................
.....
############.###..######
#######. # ### #..#
........ ## #....
#######. .## #..###
..########. ..# ...
......)...†


You could see a troll, an orc warrior, an ogre, a gnoll bouda, an orc priest and
a friendly manticore (summoned).

Vanquished Creatures
  2 water moccasins (D:6)
  An ice beast (D:6)
  A sky beast (D:6)
  2 ogres
  3 phantoms
  A kobold brigand (D:7)
  A bullfrog (D:7)
  2 necrophages (D:6)
  5 scorpions
  6 howler monkeys
  A jelly (D:6)
  14 hounds
  3 orc priests
  Crazy Yiuf (D:3)
  Jessica (D:2)
  Natasha (thrice) (D:2)
  6 orc wizards
  5 iguanas
  A hell rat (Sewer)
  Robin (D:4)
  6 adders
  4 gnolls
  5 river rats
  2 shadow imps
  3 white imps
  3 ufetubi
  4 worms
  4 dart slugs
  15 orcs
  5 endoplasms
  4 giant cockroaches
  8 goblins
  8 hobgoblins
  11 kobolds
  3 quokkas
  4 ball pythons
  A bat (D:1)
  3 frilled lizards (D:2)
  10 rats
163 creatures vanquished.

Vanquished Creatures (collateral kills)
  Maggie (D:7)
1 creature vanquished.

Vanquished Creatures (others)
  A dart slug (D:1)
  A fungus (D:7)
2 creatures vanquished.

Grand Total: 166 creatures vanquished

Notes
Turn   | Place    | Note
-------+----------+-------------------------------------------
     0 | D:1      | senseless the Ogre Gladiator began the quest for the Orb.
     0 | D:1      | Reached XP level 1. HP: 22/22 MP: 1/1
    85 | D:1      | Found a faded altar of an unknown god.
    97 | D:1      | Prayed at the altar of an unknown god.
    97 | D:1      | Became a worshipper of Xom of Chaos
   131 | D:1      | XOM: silly message
   287 | D:1      | Identified a scroll of acquirement
   287 | D:1      | Acquired a +1 heavy broad axe
   326 | D:1      | XOM: summons 1 hostile demon
   339 | D:1      | Reached XP level 2. HP: 17/29 MP: 2/2
   503 | D:1      | XOM: divine lightning
   562 | D:1      | Reached skill level 3 in Fighting
   823 | D:2      | Noticed Natasha
   829 | D:2      | Noticed a crimson imp
   830 | D:2      | Killed Natasha
   831 | D:2      | Reached XP level 3. HP: 21/37 MP: 3/3
   899 | D:2      | XOM: smoke on damage
  1024 | D:2      | Noticed Natasha
  1027 | D:2      | Killed Natasha
  1028 | D:2      | Reached XP level 4. HP: 43/48 MP: 4/4
  1052 | D:2      | Noticed Jessica
  1055 | D:2      | Noticed Natasha
  1060 | D:2      | Killed Jessica
  1065 | D:2      | Reached skill level 4 in Fighting
  1089 | D:2      | Killed Natasha
  1090 | D:2      | Reached XP level 5. HP: 54/54 MP: 5/5
  1459 | D:3      | Found Xygoun's Magic Scroll Emporium.
  1461 | D:3      | Found Ruumonn's Book Shop.
  1581 | D:3      | Found a glowing drain.
  1585 | Sewer    | Entered a sewer
  1705 | D:3      | Reached XP level 6. HP: 63/63 MP: 6/6
  1790 | D:3      | XOM: give mutations
  1790 | D:3      | Gained mutation: You have very sharp teeth. [Xom's
                  | mischief]
  1790 | D:3      | Gained mutation: You are dopey. (Int -2) [Xom's mischief]
  1790 | D:3      | Gained mutation: You occasionally lose the ability to read
                  | scrolls when taking damage. [Xom's mischief]
  1844 | D:3      | Found Jeddar's Jewellery Boutique.
  1871 | D:3      | Bought a scroll of identify for 26 gold pieces
  2116 | D:3      | Found a runed translucent door.
  2117 | D:3      | Noticed Crazy Yiuf
  2274 | D:3      | Found Osockisi's Assorted Antiques.
  2279 | D:3      | XOM is BORED!
  2279 | D:3      | XOM: stat loss: -2 Int (5/7)
  2283 | D:3      | Bought a scroll of identify for 58 gold pieces
  2365 | D:3      | XOM: cleaving
  2374 | D:3      | Killed Crazy Yiuf
  2392 | D:3      | XOM: give mutations
  2392 | D:3      | Lost mutation: You occasionally lose the ability to read
                  | scrolls when taking damage. [Xom's mischief]
  2392 | D:3      | Lost mutation: You are dopey. (Int -2) [Xom's mischief]
  2392 | D:3      | Gained mutation: Armour fits poorly on your strangely
                  | shaped body. [Xom's mischief]
  2418 | D:3      | XOM: give mutations
  2418 | D:3      | Gained mutation: You occasionally lose the ability to drink
                  | potions when taking damage. [Xom's mischief]
  2418 | D:3      | Gained mutation: Your body sometimes deteriorates upon
                  | taking damage. [Xom's mischief]
  2470 | D:3      | XOM: summons 1 hostile demon
  2885 | D:4      | Reached skill level 5 in Fighting
  2888 | D:4      | Noticed Robin
  2889 | D:4      | XOM: chaos cloud
  2898 | D:4      | Killed Robin
  2902 | D:4      | Paralysed by you for 4 turns
  3329 | D:5      | Entered Level 5 of the Dungeon
  3371 | D:4      | XOM: give mutations
  3371 | D:4      | Gained mutation: Your movements are slightly less
                  | encumbered by armour. (ER -2) [Xom's grace]
  3371 | D:4      | Gained mutation: You are agile. (Dex +4, Str/Int -1) [Xom's
                  | grace]
  3371 | D:4      | Gained mutation: You are very agile. (Dex +8, Str/Int -2)
                  | [Xom's grace]
  3448 | D:5      | Reached XP level 7. HP: 43/72 MP: 7/7
  3593 | D:5      | XOM: polymorph white imp -> ufetubus
  3827 | D:5      | Paralysed by an orc for 5 turns
  3828 | D:5      | XOM: draining
  3833 | D:5      | Paralysed by an orc for 3 turns
  3887 | D:5      | Reached skill level 6 in Fighting
  3887 | D:5      | Reached skill level 5 in Axes
  4036 | D:5      | Lost mutation: You are very agile. (Dex +8, Str/Int -2)
                  | [potion of mutation]
  4036 | D:5      | Lost mutation: Your body sometimes deteriorates upon taking
                  | damage. [potion of mutation]
  4036 | D:5      | Gained mutation: You are weak. (Str -2) [potion of
                  | mutation]
  4232 | D:5      | Reached XP level 8. HP: 65/84 MP: 8/8
  4594 | D:6      | XOM: noise
  4728 | D:6      | Reached skill level 5 in Throwing
  4728 | D:6      | Reached skill level 5 in Dodging
  4729 | D:6      | XOM: stat loss: -1 Dex (15/16)
  4789 | D:6      | XOM: cloud trail
  4866 | D:6      | Reached skill level 7 in Fighting
  4958 | D:6      | XOM: confusion (+ monsters)
  4977 | D:6      | Lost mutation: You occasionally lose the ability to drink
                  | potions when taking damage. [potion of mutation]
  4977 | D:6      | Lost mutation: You are agile. (Dex +4, Str/Int -1) [potion
                  | of mutation]
  4977 | D:6      | Gained mutation: You occasionally lose the ability to drink
                  | potions when taking damage. [potion of mutation]
  4977 | D:6      | Lost mutation: You are weak. (Str -2) [potion of mutation]
  5086 | D:6      | Reached XP level 9. HP: 67/96 MP: 9/9
  5114 | D:6      | XOM: give mutations
  5114 | D:6      | Lost mutation: Armour fits poorly on your strangely shaped
                  | body. [Xom's mischief]
  5114 | D:6      | Gained mutation: Your skin changes colour to match your
                  | surroundings (Stealth+). [Xom's mischief]
  5289 | D:6      | XOM: chaos cloud
  5300 | D:6      | Reached skill level 8 in Fighting
  5307 | D:6      | XOM: snakes to sticks
  5477 | D:6      | XOM: confuse monster(s)
  5966 | D:3      | Bought an ichor-stained hand axe for 232 gold pieces
  5966 | D:3      | Identified the +7 hand axe "Inuagy Maoj" {elec, rElec
                  | Dex+7} (You bought it in a shop on level 3 of the Dungeon)
  6294 | D:7      | Found a staircase to the Ecumenical Temple.
  6624 | D:7      | Found a glowing silver altar of Zin.
  6646 | D:7      | XOM: fog
  6656 | D:7      | Found a white marble altar of Elyvilon.
  6697 | D:7      | Noticed Maggie
  6716 | D:7      | XOM: enchant monster (good)
  6718 | D:7      | XOM: confusion (+ monsters)
  6719 | D:7      | Noticed a troll
  6723 | D:7      | Reached skill level 9 in Fighting
  6725 | D:7      | XOM: cast spell 'Monstrous Menagerie'
  6728 | D:7      | HP: 4/98 [troll (17)]
  6729 | D:7      | Killed Maggie
  6729 | D:7      | Slain by a gnoll bouda

Illustrated notes

Levels and vault maps discovered:
D:1:      beargit_arrival_diablo_church, layout_basic,
          hellmonk_ecumenical_altar_leap_of_faith,
          chequers_serial_rivers_large_a
D:2:      layout_rooms, uniq_jessica, uniq_natasha
D:3:      layout_basic, lightli_sewer_entry_pipes, serial_shops, shop, shop,
          shop_fountains, nicolae_square_shop, uniq_crazy_yiuf_cottage
D:4:      layout_gridville, uniq_robin
D:5:      layout_basic
D:6:      minmay_bubble_buster, layout_basic
D:7:      lemuel_castle_with_subvaults [lemuel_castle_interior_carwin_2],
          layout_loops_ring, mainiacjoe_overflow_two_lobes, serial_shops, shop,
          chequers_serial_rivers_micro_c, minmay_the_grid_2x2
          [minmay_the_grid_aliased_spiral, minmay_the_grid_minigrid_small,
          minmay_the_grid_minigrid_medium, minmay_the_grid_prize_trominoes],
          uniq_maggie

Skill      XL: |  1  2  3  4  5  6  7  8  9 |
---------------+----------------------------+-----
Fighting       | 3 4 5 6 7 9 |  9.0
Dodging        | 3 4 5 6 |  6.5
Throwing       | 3 4 5 6 |  6.8
Axes           | 4 5 6 7 |  7.2

Action                     |  1- 3 |  4- 6 |  7- 9 || total
---------------------------+-------+-------+-------++-------
  Melee: War axe           |    18 |       |       ||    18
         Broad axe         |    33 |   105 |   154 ||   292
         Punch             |       |     2 |     3 ||     5
         Bite              |       |     7 |    21 ||    28
         Hand axe          |       |       |    65 ||    65
         Unarmed           |       |       |     2 ||     2
    Use: Scroll            |     4 |    12 |     4 ||    20
         Potion            |       |       |     2 ||     2
   Stab: Sleeping          |       |     3 |     3 ||     6
         Distracted        |       |     1 |     2 ||     3
         Confused          |       |       |     1 ||     1
 Armour: Robe              |    16 |    30 |    41 ||    87
  Dodge: Dodged            |    38 |    61 |   166 ||   265
  Block: Other             |    23 |    25 |    79 ||   127
         Reflection        |       |     1 |       ||     1

Table legend: (Time is in decaauts)
 A = Elapsed time spent in this place.
 B = Non-inter-level travel time spent in this place.
 C = Inter-level travel time spent in this place.
 D = Time resting spent in this place.
 E = Time spent auto-exploring this place.
 F = Levels seen in this place.
 G = Mean time per level.
                   A        B        C        D        E       F      G
               +--------+--------+--------+--------+--------+-----+--------+
         Total |   7019 |   6357 |    662 |    131 |   4850 |   8 |  877.4 |
       Dungeon |   6898 |   6236 |    662 |    131 |   4783 |   7 |  985.4 |
         Sewer |    121 |    121 |      0 |      0 |     67 |   1 |  121.0 |
               +--------+--------+--------+--------+--------+-----+--------+

Top non-repeatable levels by time:
     D:6: 1535 daAuts
     D:5: 1260 daAuts
     D:3: 1180 daAuts
     D:1: 842 daAuts
     D:4: 807 daAuts
     D:2: 680 daAuts
     D:7: 591 daAuts
   Sewer: 121 daAuts
